 Dungeon Crawl Stone Soup version 0.27-a0-61-g21144fbd99 (webtiles) character file.

Game seed: 5717005325663554927

655 lessens the Magician (level 7, -3/46 HPs)
             Began as a Mummy Venom Mage on Jan 8, 2021.
             Slain by a river rat (6 damage)
             ... summoned by Eustachio
             ... on level 5 of the Dungeon.
             The game lasted 00:11:04 (5117 turns).

lessens the Magician (Mummy Venom Mage)             Turns: 5117, Time: 00:11:04

Health: -3/46      AC:  4    Str: 12    XL:     7   Next: 29%
Magic:  15/17      EV: 12    Int: 15    God:
Gold:   118        SH:  0    Dex: 10    Spells: 7/20 levels left

rFire    x . .     SeeInvis .   r - +6 dagger "Cusakh" {vorpal, rPois Dex-3 Stlth+}
rCold    + . .     Faith    .   (no shield)
rNeg     + + +     Spirit   .   a - +0 robe
rPois    ∞         Reflect  .   (no helmet)
rElec    .         Harm     .   (no cloak)
rCorr    .         Rampage  .   k - +1 pair of gloves
Will     .....                  (no boots)
Stlth    +++.......             (no amulet)
HPRegen  0.15/turn              (no ring)
MPRegen  0.15/turn              (no ring)

@: no status effects
A: no potions, fire vulnerability, cold resistance 1, negative energy resistance
3, torment resistance, unbreathing
a: no special abilities


You were on level 5 of the Dungeon.
You visited 1 branch of the dungeon, and saw 5 of its levels.

You collected 335 gold pieces.
You spent 217 gold pieces at shops.

Inventory:

Hand Weapons
 g - a +0 whip
 n - a +0 whip of freezing
 r - the +6 dagger "Cusakh" (weapon) {vorpal, rPois Dex-3 Stlth+}
   (You bought it in a shop on level 4 of the Dungeon)

   It inflicts extra damage upon your enemies.
   It affects your dexterity (-3).
   It protects you from poison.
   It makes you more stealthy.
Missiles
 c - 154 stones
 e - a throwing net
 o - 8 boomerangs
 p - 7 poisoned darts
Armour
 a - a +0 robe (worn)
 k - a +1 pair of gloves (worn)
Wands
 m - a wand of disintegration (8)
Scrolls
 b - 4 scrolls of remove curse
 d - a scroll of amnesia {unknown}
 f - a scroll of magic mapping
 i - 2 scrolls of fog
 j - 2 scrolls of enchant armour
 l - a scroll of immolation {unknown}
 q - a scroll of identify {unknown}


   Skills:
 - Level 1.5 Dodging
 - Level 1.5 Stealth
 + Level 7.2 Spellcasting
 - Level 0.7 Transmutations
 + Level 5.3 Poison Magic


You had 7 spell levels left.
You knew the following spells:

 Your Spells              Type           Power        Failure   Level
a - Sting                 Tmut/Pois      56%          3%          1
b - Poisonous Vapours     Pois/Air       26%          7%          2
c - Mephitic Cloud        Conj/Pois/Air  10%          19%         3
d - Ignite Poison         Fire/Tmut/Pois 11%          17%         3
e - Olgreb's Toxic Radia  Pois           21%          14%         4

Your spell library contained the following spells:

 Spells                   Type           Power        Failure   Level


Dungeon Overview and Level Annotations

Branches:
Dungeon (5/15)
 Temple: D:4-7

Altars:
Fedhas

Shops:
D:4 (

Annotations:
D:3 Grinder
D:5 Eustachio


Innate Abilities, Weirdness & Mutations

You do not drink.
Your flesh is vulnerable to fire.
You are immune to poison.
Your flesh is cold resistant. (rC+)
You are immune to negative energy. (rN+++)
You are immune to unholy pain and torment.
You can survive without breathing.


Message History

Eustachio blinks!
The phantom hits you!
* * * LOW HITPOINT WARNING * * *
The phantom blinks!
Eustachio says, "Summoning is fun!"
You barely miss Eustachio.
Eustachio gestures wildly while chanting.
The phantom misses you.
Casting: Poisonous Vapours (safe; 7% risk of failure)
Confirm with . or Enter, or press ? or * to list all spells.
Aiming: Poisonous Vapours (safe; 7% risk of failure)
Press: ? - help, Dir - move target, f - Eustachio, p - phantom
Aim: Eustachio, wielding a +0 rapier and wearing a +0 leather armour Poisonous vapours surround Eustachio!
Eustachio is engulfed in poison gas.
Eustachio is poisoned.
Eustachio mumbles some strange words.
Eustachio blinks!
The phantom hits you.
* * * LOW HITPOINT WARNING * * *
You can't drink.
The river rat bites you.
You die...

### . #.# #!. . #.#
#... .. #.# ..# ...
##Z######..## ....
#JrBo.W@r..@#
.....###.B#######.....
.........ZZ######.#...
.......$.B†B....#.# .
.....##.##Z####...####
....
#.##5##........... .
#$##r##.###..#####
#.##J.Z.# ###
#.###OZ##


You could see Eustachio (poisoned), a phantom, a jelly, a worker ant, a river
rat (summoned), an orc, a giant cockroach, a rat (summoned) and a hound
skeleton.

Vanquished Creatures
  An ice beast (D:5)
  2 ogres (D:4)
  A howler monkey (D:4)
  2 orc priests (D:4)
  An orc wizard (D:4)
  An iguana (D:4)
  Jessica (D:3)
  A worker ant (D:5)
  Terence (D:3)
  8 adders
  2 adder skeletons
  A worm (D:3)
  8 orcs
  A ball python (D:4)
  3 giant cockroaches
  7 goblins
  7 hobgoblins
  15 jackals
  2 quokkas
  8 bats
  6 frilled lizards
  8 kobolds
  10 rats
97 creatures vanquished.

Notes
Turn   | Place    | Note
-------+----------+-------------------------------------------
     0 | D:1      | lessens the Mummy Venom Mage began the quest for the Orb.
     0 | D:1      | Reached XP level 1. HP: 13/13 MP: 4/4
   155 | D:1      | Reached skill level 3 in Spellcasting
   192 | D:1      | Reached XP level 2. HP: 5/19 MP: 0/6
   854 | D:1      | Learned a level 2 spell: Poisonous Vapours
  1525 | D:1      | Reached XP level 3. HP: 10/24 MP: 5/8
  1978 | D:2      | Reached skill level 4 in Spellcasting
  2440 | D:3      | Reached XP level 4. HP: 28/30 MP: 2/10
  2596 | D:3      | Learned a level 3 spell: Mephitic Cloud
  2631 | D:3      | Learned a level 3 spell: Ignite Poison
  2813 | D:3      | Noticed Grinder
  3029 | D:3      | Noticed Jessica
  3031 | D:3      | Killed Jessica
  3126 | D:3      | Noticed Terence
  3149 | D:3      | Reached XP level 5. HP: 33/35 MP: 6/12
  3156 | D:3      | Killed Terence
  3157 | D:3      | Reached skill level 5 in Spellcasting
  3438 | D:3      | Found a faded altar of an unknown god.
  3520 | D:2      | Found a blossoming altar of Fedhas.
  3727 | D:3      | HP: 1/35 [Grinder (4)]
  3729 | D:3      | Paralysed by Grinder for 4 turns
  4070 | D:4      | Reached XP level 6. HP: 39/41 MP: 10/14
  4190 | D:4      | Reached skill level 6 in Spellcasting
  4198 | D:4      | Learned a level 4 spell: Olgreb's Toxic Radiance
  4729 | D:4      | Found Paab's Antique Weapon Shoppe.
  4878 | D:4      | Reached skill level 5 in Poison Magic
  4878 | D:4      | Reached XP level 7. HP: 46/46 MP: 9/17
  4977 | D:4      | Bought an ichor-stained dagger for 217 gold pieces
  4977 | D:4      | Identified the +6 dagger "Cusakh" {vorpal, rPois Dex-3
                  | Stlth+} (You bought it in a shop on level 4 of the Dungeon)
  4995 | D:5      | Entered Level 5 of the Dungeon
  5032 | D:5      | Reached skill level 7 in Spellcasting
  5103 | D:5      | Noticed Eustachio
  5116 | D:5      | HP: 2/46 [phantom (3)]
  5117 | D:5      | Slain by a river rat

Illustrated notes

Levels and vault maps discovered:
D:1:      ebering_trefoil_3fold, layout_rooms, kennysheep_pointless_box
D:2:      lemuel_upstairs_altar, layout_basic
D:3:      layout_rooms, chequers_ecumenical_altar_grove, uniq_jessica,
          uniq_grinder, uniq_terence
D:4:      layout_loops_ring, serial_shops, shop, minmay_pentomino_pile
D:5:      black_bear_nest_2, layout_rooms, minmay_temple_entry_wispy,
          basic_altar, uniq_eustachio

Skill      XL: |  1  2  3  4  5  6  7 |
---------------+----------------------+-----
Spellcasting   | 3 4 5 6 7 |  7.2
Poison Magic   | 3 4 5 |  5.3
Dodging        | |  1.5
Stealth        | |  1.5
Transmutations | |  0.7

Action                   |  1- 3 |  4- 6 |  7- 9 || total
-------------------------+-------+-------+-------++-------
Melee: Unarmed           |     5 |       |       ||     5
       Whip              |     5 |    40 |     5 ||    50
       Dagger            |       |       |    49 ||    49
 Cast: Sting             |    90 |    54 |       ||   144
       Poisonous Vapours |       |    28 |     3 ||    31
Evoke: Wand              |       |       |     4 ||     4
  Use: Scroll            |       |     6 |     1 ||     7
Armor: Robe              |    21 |    17 |    21 ||    59
Dodge: Dodged            |    46 |    68 |    64 ||   178

Table legend: (Time is in decaauts)
 A = Elapsed time spent in this place.
 B = Non-inter-level travel time spent in this place.
 C = Inter-level travel time spent in this place.
 D = Time resting spent in this place.
 E = Time spent auto-exploring this place.
 F = Levels seen in this place.
 G = Mean time per level.
                   A        B        C        D        E       F      G
               +--------+--------+--------+--------+--------+-----+--------+
         Total |   5140 |   4947 |    193 |   1511 |   2603 |   5 | 1028.0 |
       Dungeon |   5140 |   4947 |    193 |   1511 |   2603 |   5 | 1028.0 |
               +--------+--------+--------+--------+--------+-----+--------+

Top non-repeatable levels by time:
     D:1: 1641 daAuts
     D:3: 1456 daAuts
     D:4: 1108 daAuts
     D:2: 811 daAuts
     D:5: 121 daAuts
